 Dungeon Crawl Stone Soup version 0.30-a0-393-g54b8e3be05 (webtiles) character file.

Game seed: 4818793800903282026

1899 lunkers the Basher (level 9, -1/72 HPs)
             Began as a Meteoran Fighter on Dec 5, 2022.
             Was an Initiate of Yredelemnul.
             Slain by a hornet (5 damage)
             ... on level 7 of the Dungeon.
             The game lasted 00:10:46 (2684 turns).

lunkers the Basher (Meteoran Fighter)               Turns: 2684, Time: 00:10:47

Health: -1/72      AC: 15    Str: 18    XL:     9   Next: 64%
Magic:  10/10      EV:  6    Int:  9    God:    Yredelemnul [......]
Gold:   325        SH:  5    Dex: 19    Spells: 8/8 levels left

rFire   . . .      SeeInvis .    a - +1 flail
rCold   . . .      Faith    .    c - +0 buckler
rNeg    . . .      Spirit   .    s - +0 plate armour
rPois   .          Reflect  .    o - +0 helmet
rElec   .          Harm     .    t - +0 cloak
rCorr   .          Rampage  .    (no gloves)
Will    ++...                    q - +0 pair of boots
Stlth   ..........               (no amulet)
HPRegen 0.32/turn                k - ring of wizardry
MPRegen 0.12/turn                u - ring of willpower

@: slowed, glowing, very slow
A: sense surroundings 2, otherworldly, glowing, explore regen
a: Renounce Religion, Recall Undead Harvest


You were on level 7 of the Dungeon.
You worshipped Yredelemnul.
Yredelemnul was noncommittal.
You visited 1 branch of the dungeon, and saw 7 of its levels.

You collected 325 gold pieces.

Inventory:

Hand Weapons
 a - a +1 flail (weapon)
Armour
 b - a +0 scale mail
 c - a +0 buckler (worn)
 o - a +0 helmet (worn)
 q - a +0 pair of boots (worn)
 s - a +0 plate armour (worn)
 t - a +0 cloak (worn)
 B - a +0 cloak
Jewellery
 k - a ring of wizardry (left hand)
 u - a ring of willpower (right hand)
Wands
 d - a wand of mindburst (6)
 z - a wand of polymorph (5)
Scrolls
 e - 3 scrolls of identify {unknown}
 f - 2 scrolls of enchant weapon
 i - 2 scrolls of enchant armour {unknown}
 p - 4 scrolls of noise {unknown}
 y - a scroll of magic mapping {unknown}
Potions
 g - 5 potions of heal wounds {unknown}
 h - 5 potions of curing {unknown}
 j - a potion of attraction {unknown}
 l - 2 potions of flight {unknown}
 m - a potion of invisibility {unknown}
 n - a potion of haste {unknown}
 r - a potion of might
 v - a potion of brilliance {unknown}
 w - a potion of cancellation {unknown}
 x - a potion of ambrosia
 A - a potion of magic {unknown}


   Skills:
 + Level 4.3 Fighting
 - Level 14.0 Maces & Flails
 + Level 4.7 Armour
 + Level 2.7 Dodging
 - Level 3.6 Shields


You had 8 spell levels left.
You didn't know any spells.
Your spell library contained the following spells:

 Spells                   Type           Power      Damage    Failure   Level
 Sting                    Tmut/Pois      0%         1d3       99%         1
 Poisonous Vapours        Pois/Air       0%         N/A       100%        2
 Sublimation of Blood     Necr           0%         N/A       100%        2
 Wereblood                Tmut           0%         N/A       100%        2
 Olgreb's Toxic Radiance  Pois           0%         N/A       100%        4
 Summon Hydra             Summ           0%         N/A       100%        7


Dungeon Overview and Level Annotations

Branches:
Dungeon (7/15) Zot: 1526   Temple (0/1) D:6

Altars:
Gozag
Ru
Vehumet
Yredelemnul
Zin

Shops:
D:3 ([(

Annotations:
D:3 3 runed translucent doors, baller8008's ghost, weakling MiFi
D:7 Joseph


Innate Abilities, Weirdness & Mutations

You passively map the area around you.
You are easily found by Zot.
You glow in the dark.
You regain HP and MP as you explore.


Message History

You feel very sick. The hornet stings you!
* * * LOW HITPOINT WARNING * * *
You feel as though you will be slow longer.
The hornet stings you!
* * * LOW HITPOINT WARNING * * *
You feel as though you will be slow longer.
You swap places.
You feel very sick. The hornet stings your centaur zombie.
Your centaur zombie hits the hornet.
Your centaur zombie kicks the hornet but does no damage.
The hornet barely misses your centaur zombie.
Your centaur zombie closely misses the hornet. x2
You feel very sick. The hornet stings your centaur zombie.
Your centaur zombie hits the hornet but does no damage.
Your centaur zombie kicks the hornet but does no damage.
The hornet stings your centaur zombie!
Your centaur zombie barely misses the hornet.
Your centaur zombie kicks the hornet but does no damage.
You feel sick.
You feel sick.
Your centaur zombie hits the hornet but does no damage.
Your centaur zombie kicks the hornet.
The hornet stings your centaur zombie!
Your centaur zombie is destroyed!
Aiming: Mindburst
Press: ? - help, Shift-Dir - straight line, f - hornet
Aim: a hornet (severely wounded, chance to affect: 55%)
The hornet resists with significant effort.
You feel sick.
The hornet stings you but does no damage.
Aiming: Mindburst
Press: ? - help, Shift-Dir - straight line, f/p - hornet
Aim: a hornet (severely wounded, chance to affect: 55%)
The hornet resists with significant effort.
You feel sick.
You are no longer poisoned.
The hornet stings you.
You die...
Your body rises from the dead as a mindless zombie.

, *
#.....###.......#
, #.....#
#.####### *
***####### #.###
* #...# * ####
###.# * , ** ^.#
#.# , *, ..## #.#
#.# , ,
.....##.#####.# ,
, ,*#.....y@...#
* ####.####### ,
, **#.# #.....y.#
#########


You could see a hornet.

Vanquished Creatures
  Sigmund (D:5)
  A wyvern (D:7)
  A water moccasin (D:6)
  A black bear (D:5)
  An orc warrior (D:7)
  2 ogres (D:4)
  An ice beast (D:7)
  2 centaurs
  A phantom (D:5)
  2 scorpions (D:6)
  3 jellies
  An orc priest (D:4)
  Crazy Yiuf (D:7)
  A gnoll bouda (D:7)
  Ijyb (D:3)
  2 iguanas
  4 orc wizards
  3 gnolls
  4 adders
  A shadow imp (D:6)
  A white imp (D:5)
  2 ufetubi
  An adder zombie (D:3)
  A worm (D:4)
  4 dart slugs
  13 orcs
  4 ball pythons
  3 endoplasms
  A giant cockroach (D:1)
  7 hobgoblins
  3 jackals (D:3)
  8 kobolds
  A quokka (D:4)
  4 bats
  A frilled lizard (D:3)
  11 goblins
  A jackal zombie (D:3)
  2 rats (D:3)
102 creatures vanquished.

Vanquished Creatures (collateral kills)
  An ice beast (D:4)
  A howler monkey (D:6)
  An iguana (D:7)
  Robin (D:4)
  An adder (D:5)
  A ball python (D:4)
  2 goblins (D:4)
8 creatures vanquished.

Vanquished Creatures (others)
  A wyvern zombie (D:7)
  A centaur zombie (D:7)
  An adder zombie (D:4)
  A gnoll zombie (D:7)
  An iguana zombie (D:7)
  A ball python zombie (D:4)
  3 goblin zombies (D:4)
  A hobgoblin zombie (D:4)
  6 orc zombies
  A spectral ufetubus (D:4)
17 creatures vanquished.

Grand Total: 127 creatures vanquished

Notes
Turn   | Place    | Note
-------+----------+-------------------------------------------
     0 | D:1      | lunkers the Meteoran Fighter began the quest for the Orb.
     0 | D:1      | Reached XP level 1. HP: 19/19 MP: 2/2
     8 | D:1      | Reached skill level 3 in Maces & Flails
    26 | D:1      | Reached XP level 2. HP: 23/26 MP: 3/3
    83 | D:1      | Reached skill level 4 in Maces & Flails
   130 | D:1      | Reached XP level 3. HP: 31/31 MP: 4/4
   159 | D:2      | Found a radiant altar of Vehumet.
   552 | D:3      | Found Ela Jafriz's Weapon Shoppe.
   602 | D:3      | Reached skill level 5 in Maces & Flails
   612 | D:3      | Noticed Ijyb
   618 | D:3      | HP: 1/31 [disintegration (17)]
   622 | D:3      | Killed Ijyb
   623 | D:3      | Reached XP level 4. HP: 2/38 MP: 5/5
   633 | D:3      | Found Demmyf's Armour Shoppe.
   638 | D:3      | Found Nuihiown's Weapon Emporium.
   660 | D:3      | Found a glowing silver altar of Zin.
   666 | D:3      | Found a sacrificial altar of Ru.
   884 | D:3      | Reached skill level 6 in Maces & Flails
   959 | D:3      | Found a runed translucent gate.
   959 | D:3      | Found a runed translucent gate.
   959 | D:3      | Found a runed translucent gate.
   959 | D:3      | Noticed baller8008's ghost (weakling MiFi)
   961 | D:3      | Found a basalt altar of Yredelemnul.
   977 | D:3      | Reached XP level 5. HP: 45/45 MP: 6/6
   977 | D:3      | Became a worshipper of Yredelemnul the Dark
  1098 | D:4      | Noticed an ice beast
  1104 | D:4      | Reached skill level 7 in Maces & Flails
  1113 | D:4      | Reached XP level 6. HP: 5/51 MP: 7/7
  1251 | D:4      | Noticed an ogre
  1264 | D:4      | Killed an ogre
  1265 | D:4      | Reached skill level 8 in Maces & Flails
  1266 | D:4      | Reached XP level 7. HP: 23/57 MP: 8/8
  1344 | D:4      | Noticed Robin
  1347 | D:4      | Reached * piety under Yredelemnul
  1361 | D:4      | Killed Robin
  1387 | D:4      | Reached skill level 9 in Maces & Flails
  1402 | D:4      | Reached ** piety under Yredelemnul
  1548 | D:4      | Reached skill level 10 in Maces & Flails
  1590 | D:5      | Entered Level 5 of the Dungeon
  1599 | D:5      | Noticed Sigmund
  1602 | D:5      | Killed Sigmund
  1603 | D:5      | Reached skill level 11 in Maces & Flails
  1603 | D:5      | Reached XP level 8. HP: 63/63 MP: 9/9
  1700 | D:5      | Found an opulent altar of Gozag.
  1858 | D:5      | Reached skill level 12 in Maces & Flails
  1886 | D:6      | Found a staircase to the Ecumenical Temple.
  2014 | D:6      | Gained mutation: You passively map the area around you.
                  | [Meteoran growth]
  2014 | D:6      | Reached XP level 9. HP: 56/70 MP: 10/10
  2027 | D:6      | Reached skill level 13 in Maces & Flails
  2275 | D:7      | Reached skill level 14 in Maces & Flails
  2288 | D:7      | Noticed Joseph
  2363 | D:7      | Reached skill level 1 in Dodging
  2500 | D:7      | Found a runed translucent door.
  2501 | D:7      | Noticed Crazy Yiuf
  2514 | D:7      | Killed Crazy Yiuf
  2670 | D:7      | Noticed a hornet
  2675 | D:7      | Paralysed by a hornet for 2 turns
  2684 | D:7      | Slain by a hornet

Illustrated notes

Levels and vault maps discovered:
D:1:      co_arrival_hall_of_pillars, layout_basic
D:2:      layout_basic, basic_altar
D:3:      layout_rooms, nicolae_yredelemnul_ghost_church,
          mainiacjoe_overflow_boulevard, nicolae_ru_sacrificial_ziggurat,
          serial_shops, nicolae_shop_advertising_works
          [nicolae_subvault_shop_adworks], shop_statue, shop,
          nicolae_lakefront_shop, minmay_misc_feat_chi, uniq_ijyb
D:4:      layout_basic, uniq_robin
D:5:      minmay_thick_lines, layout_loops_ring, lemuel_doored_altar,
          nicolae_overflow_hallway_of_the_gods, gammafunk_ghost_icy,
          corexii_item_surrounded_by_moat, uniq_sigmund
D:6:      layout_basic, temple_doors_e, gammafunk_ghost_hive
D:7:      layout_loops_cross, uniq_joseph, uniq_crazy_yiuf_cottage, uniq_duvessa

Skill      XL: |  1  2  3  4  5  6  7  8  9 |
---------------+----------------------------+-----
Maces & Flails | 3 4 5 6 7 8 11 12 14 | 14.0
Armour         | 4 |  4.7
Dodging        | 2 |  2.7
Fighting       | 4 |  4.3
Shields        | |  3.6

Action                   |  1- 3 |  4- 6 |  7- 9 || total
-------------------------+-------+-------+-------++-------
Melee: Flail             |    64 |    72 |   222 ||   358
Evoke: Wand              |       |       |     4 ||     4
  Use: Potion            |     1 |       |       ||     1
       Scroll            |       |     1 |       ||     1
Armor: Scale mail        |    21 |    36 |    22 ||    79
       Plate armour      |       |       |    90 ||    90
Dodge: Dodged            |    21 |    27 |    40 ||    88
Block: Buckler           |    21 |    10 |    62 ||    93

Table legend: (Time is in decaauts)
 A = Elapsed time spent in this place.
 B = Non-inter-level travel time spent in this place.
 C = Inter-level travel time spent in this place.
 D = Time resting spent in this place.
 E = Time spent auto-exploring this place.
 F = Levels seen in this place.
 G = Mean time per level.
                   A        B        C        D        E       F      G
               +--------+--------+--------+--------+--------+-----+--------+
         Total |   2671 |   2530 |    141 |      0 |   1527 |   7 |  381.6 |
       Dungeon |   2671 |   2530 |    141 |      0 |   1527 |   7 |  381.6 |
               +--------+--------+--------+--------+--------+-----+--------+

Top non-repeatable levels by time:
     D:4: 593 daAuts
     D:3: 454 daAuts
     D:2: 415 daAuts
     D:6: 411 daAuts
     D:7: 362 daAuts
     D:5: 288 daAuts
     D:1: 145 daAuts
